 Dungeon Crawl Stone Soup version 0.30-a0-737-gf23d94013f (webtiles) character file.

Game seed: 3265576751357247896

107 holysushi the Thaumaturge (level 4, -4/31 (32) HPs)
             Began as a Gnoll Wanderer on Feb 2, 2023.
             Was an Initiate of Vehumet.
             Slain by a wight
             ... wielding a +4 dagger
              (8 damage)
             ... on level 7 of the Dungeon.
             The game lasted 00:07:08 (2880 turns).

holysushi the Thaumaturge (Gnoll Wanderer)          Turns: 2880, Time: 00:07:08

HP:   -4/31 (32)    AC:  3    Str:  8    XL:     4   Next: 85%
MP:   15/17         EV: 11    Int: 19    God:    Vehumet [......]
Gold: 87            SH:  0    Dex:  9    Spells: 19/25 levels left

rFire   . . .      SeeInvis .    e - +7 double sword "Quuxtu" {flame, rElec rC+ Int+4 Dex-4}
rCold   + . .      Faith    .    (no shield)
rNeg    . . .      Spirit   .    d - +1 robe
rPois   .          Reflect  .    (no helmet)
rElec   +          Harm     .    (no cloak)
rCorr   .          Rampage  .    (no gloves)
Will    .....                    (no boots)
Stlth   ++                       (no amulet)
HPRegen 0.25/turn                (no ring)
MPRegen 0.15/turn                (no ring)

@: wereblooded, hasted, lightly drained, very quick
A: fangs 1, strong nose, distributed training
a: Renounce Religion


You were on level 7 of the Dungeon.
You worshipped Vehumet.
Vehumet was noncommittal.
You visited 1 branch of the dungeon, and saw 5 of its levels.

You collected 87 gold pieces.

Inventory:

Hand Weapons
 a - a +0 dagger
 e - the +7 double sword "Quuxtu" (weapon) {flame, rElec rC+ Int+4 Dex-4}
   (You acquired it on level 3 of the Dungeon)

   Int:       It affects your intelligence (+4).
   Dex:       It affects your dexterity (-4).
   rC:        It protects you from cold.
   rElec:     It insulates you from electricity.
 f - a +0 spear
 i - a +0 quarterstaff
Missiles
 b - 7 poisoned darts (quivered)
Armour
 d - a +1 robe (worn)
Jewellery
 l - a ring of flight
Scrolls
 o - a scroll of enchant armour
 p - a scroll of immolation {unknown}
Potions
 c - a potion of attraction
 g - 3 potions of resistance
 h - a potion of haste
 j - a potion of invisibility
 k - a potion of magic {unknown}
 m - a potion of degeneration {unknown}
 n - 2 potions of curing {unknown}
 q - a potion of flight {unknown}


   Skills:
 + Level 1.3 Fighting
 + Level 1.3 Short Blades
 + Level 1.3 Long Blades
 + Level 1.3 Axes
 + Level 1.3 Maces & Flails
 + Level 1.3 Polearms
 + Level 1.3 Staves
 + Level 1.3 Ranged Weapons
 + Level 2.8 Throwing
 + Level 1.3 Armour
 + Level 1.3 Dodging
 + Level 2.6 Stealth
 + Level 1.3 Shields
 + Level 1.3 Unarmed Combat
 + Level 11.4 Spellcasting
 + Level 1.0 Conjurations
 + Level 1.0 Hexes
 + Level 1.0 Summonings
 + Level 1.0 Necromancy
 + Level 1.0 Translocations
 + Level 3.9 Transmutations
 + Level 1.0 Fire Magic
 + Level 1.0 Ice Magic
 + Level 1.0 Air Magic
 + Level 1.0 Earth Magic
 + Level 1.0 Poison Magic
 + Level 1.4 Invocations
 + Level 1.3 Evocations


You had 19 spell levels left.
You knew the following spells:

 Your Spells              Type           Power      Damage    Failure   Level
a - Apportation           Tloc           28%        N/A       4%          1
b - Sting                 Tmut/Pois      80%        1d7       2%          1
c - Passwall              Tmut/Erth      16%        N/A       3%          2
d - Wereblood             Tmut           25%        N/A       1%          2

Your spell library contained the following spells:

 Spells                   Type           Power      Damage    Failure   Level
 Lesser Beckoning         Tloc           28%        N/A       6%          2
 Inner Flame              Hex/Fire       14%        N/A       12%         3


Dungeon Overview and Level Annotations

Branches:
Dungeon (4/15) Zot: 26968
 Temple: D:4-7

Altars:
Dithmenos
Elyvilon
Makhleb
Nemelex Xobeh
Qazlal
Vehumet
Yredelemnul

Annotations:
D:3 2 transporters, sirJeffrey23's ghost, amateur VSFi


Innate Abilities, Weirdness & Mutations

You have very sharp teeth.
Your uncanny sense of smell can sniff out nearby items.
Your experience applies equally to all skills.


Message History

You fall into a shaft and drop 3 floors!
The shaft crumbles and collapses.
Found 14 gold pieces.
You now have 87 gold pieces (gained 14).
An orc comes into view. It is wielding a +0 club.
Found a scroll of enchant armour.
The helpless orc fails to defend itself.
You slash the orc! You burn the orc.
You kill the orc!
Vehumet accepts your kill.
Things that are here:
a +0 club; a boomerang; a +0 leather armour
Found a bubbling dark potion.
o - a scroll of enchant armour
Found a scroll labelled ANWETE COTA.
Found 10 gold pieces.
A wight comes into view. It is wielding a +4 dagger.
You see here a scroll labelled ANWETE COTA.
A wight is nearby!
A wight is nearby!
p - a scroll labelled ANWETE COTA A wight comes into view.
It is wielding a +3 flail.
An orc and 2 wights come into view.
Found a scroll of teleportation.
The wight closely misses you. The wight attacks as you move away!
The wight hits you with a +4 dagger!
Things that are here:
a bubbling dark potion; a ring of poison resistance
Casting: Wereblood (safe; 1% risk of failure)
Confirm with . or Enter, or press ? or * to list all spells.
Your blood is infused with primal strength.
The wight hits you with a +4 dagger!
You closely miss the wight. The wight hits you with a +4 dagger.
* * * LOW HITPOINT WARNING * * *
You feel drained.
You closely miss the wight. The wight closely misses you.
The wight hits you with a +4 dagger.
* * * LOW HITPOINT WARNING * * *
You feel yourself speed up. The wight hits you with a +4 dagger!
You die...

#########.######.#
######................#
#..........)##.........
#..#.##.######.######.#
###$...##.# #..
#...#..##.# ####
#.#...###.# # #..####.#
#..zzz@.# ##.###### #.#
#z# ... ∆ ..z ...o
.#.##


You could see 3 wights.

Vanquished Creatures
  4 adders
  3 worms
  2 dart slugs
  3 orcs
  A ball python (D:2)
  3 endoplasms
  4 giant cockroaches
  5 goblins
  4 hobgoblins
  5 jackals (D:1)
  2 quokkas
  4 bats
  2 frilled lizards
  4 kobolds
  7 rats
53 creatures vanquished.

Vanquished Creatures (others)
  6 plants (D:1)
6 creatures vanquished.

Grand Total: 59 creatures vanquished

Notes
Turn   | Place    | Note
-------+----------+-------------------------------------------
     0 | D:1      | Reached skill level 11 in Spellcasting
     0 | D:1      | holysushi the Gnoll Wanderer began the quest for the Orb.
     0 | D:1      | holysushi set off with the following items: a +0 dagger, 7
                  | poisoned darts, a potion of attraction, a +0 robe; and the
                  | following spells available to memorise: Wereblood, Sting,
                  | Passwall, Apportation, Lesser Beckoning, Inner Flame.
     0 | D:1      | Reached XP level 1. HP: 13/13 MP: 12/12
     0 | D:1      | Noticed a demigod
     0 | D:1      | Noticed an elf
     0 | D:1      | Noticed a tengu
     3 | D:1      | Learned a level 1 spell: Apportation
     4 | D:1      | Noticed a ghoul
     5 | D:1      | Noticed a felid
     7 | D:1      | Noticed a merfolk
     8 | D:1      | Noticed a vampire
     9 | D:1      | Noticed a demigod
    26 | D:1      | Noticed a vampire
    28 | D:1      | Noticed a demigod
    28 | D:1      | Noticed a spriggan
    30 | D:1      | Noticed a barachi
    32 | D:1      | Noticed a demigod
    34 | D:1      | Noticed a demigod
    34 | D:1      | Noticed a merfolk
    36 | D:1      | Noticed a spriggan
    77 | D:1      | Learned a level 1 spell: Sting
   307 | D:1      | Reached XP level 2. HP: 19/19 MP: 11/14
   817 | D:2      | Learned a level 2 spell: Passwall
   820 | D:2      | Learned a level 2 spell: Wereblood
   910 | D:2      | Reached XP level 3. HP: 25/25 MP: 11/15
  1155 | D:2      | Reached skill level 1 in Invocations
  1295 | D:2      | Reached skill level 1 in Fighting
  1295 | D:2      | Reached skill level 1 in Short Blades
  1295 | D:2      | Reached skill level 1 in Long Blades
  1295 | D:2      | Reached skill level 1 in Axes
  1295 | D:2      | Reached skill level 1 in Maces & Flails
  1295 | D:2      | Reached skill level 1 in Polearms
  1295 | D:2      | Reached skill level 1 in Staves
  1295 | D:2      | Reached skill level 1 in Ranged Weapons
  1295 | D:2      | Reached skill level 1 in Armour
  1295 | D:2      | Reached skill level 1 in Dodging
  1295 | D:2      | Reached skill level 1 in Shields
  1295 | D:2      | Reached skill level 1 in Unarmed Combat
  1295 | D:2      | Reached skill level 1 in Evocations
  1397 | D:2      | Reached XP level 4. HP: 25/32 MP: 9/17
  1787 | D:3      | Identified a scroll of acquirement
  1787 | D:3      | Acquired the +7 double sword "Quuxtu" {flame, rElec rC+
                  | Int+4 Dex-4}
  1950 | D:3      | Found a radiant altar of Vehumet.
  1951 | D:3      | Found a shadowy altar of Dithmenos.
  1953 | D:3      | Found a burning altar of Makhleb.
  2020 | D:3      | Found a transporter.
  2021 | D:3      | Found a transporter.
  2021 | D:3      | Noticed sirJeffrey23's ghost (amateur VSFi)
  2021 | D:3      | Noticed an ogre
  2021 | D:3      | Noticed an ogre
  2022 | D:3      | Identified the +5 great mace of Uxydetewk {vamp, rF+ Int-4
                  | Dex+2}
  2022 | D:3      | Noticed an ogre
  2076 | D:3      | Reached skill level 1 in Conjurations
  2076 | D:3      | Reached skill level 1 in Hexes
  2076 | D:3      | Reached skill level 1 in Summonings
  2076 | D:3      | Reached skill level 1 in Necromancy
  2076 | D:3      | Reached skill level 1 in Translocations
  2076 | D:3      | Reached skill level 1 in Fire Magic
  2076 | D:3      | Reached skill level 1 in Ice Magic
  2076 | D:3      | Reached skill level 1 in Air Magic
  2076 | D:3      | Reached skill level 1 in Earth Magic
  2076 | D:3      | Reached skill level 1 in Poison Magic
  2122 | D:3      | Found a sparkling altar of Nemelex Xobeh.
  2511 | D:3      | Found a white marble altar of Elyvilon.
  2516 | D:3      | Found a stormy altar of Qazlal.
  2523 | D:3      | Found a basalt altar of Yredelemnul.
  2808 | D:3      | Became a worshipper of Vehumet
  2850 | D:4      | You fall into a shaft and drop 3 floors!
  2880 | D:7      | Slain by a wight

Illustrated notes

Levels and vault maps discovered:
D:1:      shiori_arrival_whats_in_store_for_you, layout_loops_ring,
          serial_forest, infiniplex_forest_lined_corner,
          infiniplex_forest_clump_diagonal, infiniplex_forest_clump_diagonal,
          infiniplex_forest_zigzag_1, infiniplex_forest_straight_3,
          infiniplex_forest_lined_room_3, infiniplex_forest_join
D:2:      layout_loops_ring
D:3:      layout_basic, minmay_overflow_temple_star_quad,
          nemelex_dance_club_becter, grunt_temple_overflow_open,
          gammafunk_ghost_smash
D:4:      layout_basic, serial_shops, nicolae_shop_waterfront
D:7:      layout_loops_ring, minmay_temple_entry_drinking_statues

Skill      XL: |  1  2  3  4 |
---------------+-------------+-----
Spellcasting   | | 11.4
Invocations    | 1 |  1.4
Fighting       | 1 |  1.3
Short Blades   | 1 |  1.3
Long Blades    | 1 |  1.3
Axes           | 1 |  1.3
Maces & Flails | 1 |  1.3
Polearms       | 1 |  1.3
Staves         | 1 |  1.3
Ranged Weapons | 1 |  1.3
Armour         | 1 |  1.3
Dodging        | 1 |  1.3
Shields        | 1 |  1.3
Unarmed Combat | 1 |  1.3
Evocations     | 1 |  1.3
Conjurations   | 1 |  1.0
Hexes          | 1 |  1.0
Summonings     | 1 |  1.0
Necromancy     | 1 |  1.0
Translocations | 1 |  1.0
Fire Magic     | 1 |  1.0
Ice Magic      | 1 |  1.0
Air Magic      | 1 |  1.0
Earth Magic    | 1 |  1.0
Poison Magic   | 1 |  1.0
Throwing       | |  2.8
Stealth        | |  2.6
Transmutations | |  3.9

Action                     |  1- 3 |  4- 6 || total
---------------------------+-------+-------++-------
  Melee: Dagger            |     5 |       ||     5
         Bite              |     6 |     1 ||     7
         Quarterstaff      |    28 |       ||    28
         Double sword      |       |    29 ||    29
   Cast: Sting             |    55 |     6 ||    61
         Apportation       |     2 |     1 ||     3
         Wereblood         |     6 |     4 ||    10
    Use: Scroll            |       |     9 ||     9
         Potion            |       |     1 ||     1
   Stab: Sleeping          |       |     7 ||     7
 Armour: Robe              |    11 |     5 ||    16
  Dodge: Dodged            |    31 |    15 ||    46

Table legend: (Time is in decaauts)
 A = Elapsed time spent in this place.
 B = Non-inter-level travel time spent in this place.
 C = Inter-level travel time spent in this place.
 D = Time resting spent in this place.
 E = Time spent auto-exploring this place.
 F = Levels seen in this place.
 G = Mean time per level.
                   A        B        C        D        E       F      G
               +--------+--------+--------+--------+--------+-----+--------+
         Total |   2898 |   2790 |    108 |     37 |   2214 |   5 |  579.6 |
       Dungeon |   2898 |   2790 |    108 |     37 |   2214 |   5 |  579.6 |
               +--------+--------+--------+--------+--------+-----+--------+

Top non-repeatable levels by time:
     D:3: 1078 daAuts
     D:2: 980 daAuts
     D:1: 808 daAuts
     D:7: 30 daAuts
